Cogmind - Beta 14 @@@ ROGUE MODE // 2025.03.29 @ 01:36:16 Player: Beelzebelt Result: Destroyed by G-47 Trooper with Particle Gun Performance ------------- Evolutions (2) 1000 Regions Visited (4) 800 Robots Destroyed (13) 65 Value Destroyed (364) 364 Prototype IDs (2) 40 Alien Tech Used (0) 0 Bonus (0) 0 TOTAL SCORE: 2269 Bonus ------- None Cogmind --------- Core Integrity 0/550 Matter 300/300 Energy 100/100 System Corruption 2% Temperature Cool (9) Movement Walking (120) Location -8/Materials Parts ------- > --- POWER (1) -------- (None) > --- PROPULSION (4) --- Aluminum Leg > --- UTILITY (4) ------ Signal Interpreter > --- WEAPON (2) ------- Katana > --- INVENTORY (5) ---- Improved Targeting Computer Improved Targeting Computer Assault Rifle Improved Datajack Improved Datajack Peak State ------------ > --- POWER ------------ Light Ion Engine > --- PROPULSION ------- VTOL Module VTOL Module VTOL Module VTOL Module > --- UTILITY ---------- Small Storage Unit Sensor Array Signal Interpreter Improved Targeting Computer > --- WEAPON ----------- Assault Rifle Improved Datajack > --- INVENTORY -------- Light Ion Engine VTOL Module Improved Targeting Computer Improved Targeting Computer Improved Targeting Computer Medium Armor Plating Improved Datajack [Rating: 19] Favorites ----------- Power Light Ion Engine Engine Light Ion Engine Propulsion VTOL Module Leg Aluminum Leg Flight Unit VTOL Module Utility Small Storage Unit Device Sensor Array Storage Small Storage Unit Processor Signal Interpreter Weapon Assault Rifle Energy Gun Medium Laser Ballistic Gun Assault Rifle Slashing Weapon Katana Special Melee Weapon Improved Datajack Build | -11 -10 -9 -9 -8 ------- Run | Yrd Mat Mat Min Mat Slots Evolved 4 | . . 2 . 2 Power . | . . . . . Propulsion 2 | . . 1 . 1 Utility 2 | . . 1 . 1 Weapon . | . . . . . Parts Attached 24 | 7 2 4 . 11 Power 3 | 1 . . . 2 Engine 3 | 1 . . . 2 Core . | . . . . . Reactor . | . . . . . Propulsion 9 | 2 . 3 . 4 Treads . | . . . . . Leg 4 | 2 . . . 2 Wheel . | . . . . . Hover . | . . . . . Flight 5 | . . 3 . 2 Utility 7 | 2 2 1 . 2 Device 3 | 1 1 . . 1 Storage 2 | 1 . 1 . . Processor 2 | . 1 . . 1 Hackware . | . . . . . Protection . | . . . . . Artifact . | . . . . . Weapon 5 | 2 . . . 3 Energy Gun 1 | 1 . . . . Energy Cannon . | . . . . . Ballistic Gun 1 | 1 . . . . Ballistic Cannon . | . . . . . Launcher . | . . . . . Special Weapon . | . . . . . Impact Weapon . | . . . . . Slashing Weapon 1 | . . . . 1 Piercing Weapon . | . . . . . Special Melee Weapon 2 | . . . . 2 Unidentified Prototypes . | . . . . . Parts Lost 14 | . . . . 14 Power 3 | . . . . 3 Propulsion 6 | . . . . 6 Utility 3 | . . . . 3 Weapon 2 | . . . . 2 Highest Loss Streak 11 | . . . . 11 To Critical Strikes . | . . . . . Average Slot Usage (%) 80 | . 100 86 88 64 Engine 10 | . 14 11 11 8 Leg 10 | . 28 8 . 3 Flight 13 | . . 19 33 14 Device 8 | . 14 11 11 2 Storage 9 | . 8 11 11 8 Processor 10 | . 5 11 11 14 Energy Gun 4 | . 14 3 . . Ballistic Gun 8 | . 14 11 11 3 Slashing Weapon 2 | . . . . 6 Special Melee Weapon 1 | . . . . 4 Peak Build Rating 19 | 7 7 12 12 19 Average Rating 9 | 4 6 10 12 12 On Entrance 7 | . 7 7 12 12 Naked Turns . | . . . . . Heaviest Build 13 | 13 13 13 11 13 Greatest Support 20 | 20 20 20 12 20 Greatest Overweight (x) 3 | 3 . 2 . 3 Average Overweight (x) . | . . . . . Largest Inventory Capacity 8 | 8 8 8 8 8 Average Capacity 7 | 7 7 8 8 7 Most Carried 8 | 4 8 8 8 8 Average Carried 5 | 2 4 6 8 6 Final Capacity 8 | 8 5 8 8 5 Final Carried 8 | 4 4 8 8 5 Class Distribution -------------------- 71% | Mutant 28% | Sprinter Dominant Class ---------------- Mutant | -10/Materials Sprinter | -9/Materials Sprinter | -9/Mines Mutant | -8/Materials Resources | -11 -10 -9 -9 -8 ----------- Run | Yrd Mat Mat Min Mat Matter Collected 444 | 230 81 . . 133 Remotely . | . . . . . Salvage Created 499 | 11 86 . . 402 Parts 40 | 3 8 . . 29 Haulers Intercepted . | . . . . . Recyclers Shooed 1 | . 1 . . . Parts Field Recycled . | . . . . . Retrieved Matter . | . . . . . Parts Self-Destructed . | . . . . . Prevented . | . . . . . Kills | -11 -10 -9 -9 -8 ------- Run | Yrd Mat Mat Min Mat Combat Hostiles Destroyed 9 | . . . . 9 Melee 9 | . . . . 9 Classes Destroyed 8 | 1 2 . . 5 Worker 1 | . . . . 1 Tunneler 1 | 1 . . . . Recycler 1 | . 1 . . . Watcher 1 | . 1 . . . Swarmer 2 | . . . . 2 Grunt 4 | . . . . 4 Brawler 1 | . . . . 1 Sentry 2 | . . . . 2 Best Kill Streak 6 | 1 2 . . 6 Combat Bots Only 6 | . . . . 6 Max Kills in Single Turn 1 | 1 1 . . 1 Gunslinging . | . . . . . Exploded . | . . . . . Melee 1 | . . . . 1 Uniques/NPCs Destroyed . | . . . . . Combat | -11 -10 -9 -9 -8 -------- Run | Yrd Mat Mat Min Mat Hostile Shots Fired 125 | . 5 2 5 113 Missed 37 | . 3 2 3 29 Damage Taken 1235 | . 19 . 13 1203 Core 562 | . . . 7 555 Absorbed by Shields . | . . . . . Core Remaining (%) 99 | 100 100 . 98 . Volleys Fired 10 | 2 5 3 . . Largest 2 | 2 2 1 . . Hottest 70 | 70 70 20 . . Shots Fired 17 | 4 10 3 . . Gun 17 | 4 10 3 . . Cannon . | . . . . . Launcher . | . . . . . Special . | . . . . . Kinetic 10 | 2 5 3 . . Thermal 7 | 2 5 . . . Explosive . | . . . . . Electromagnetic . | . . . . . Robot Hit Streak 8 | 2 7 8 . . Robot Miss Streak 1 | 1 1 1 . . Penetration Max . | . . . . . Secondary Targets . | . . . . . Shots Hit Robots 36 | 2 8 2 . 24 Core Hits 15 | 1 3 1 . 10 Critical Kills . | . . . . . Critical Parts Destroyed . | . . . . . Critical Strikes 2 | . . . . 2 Sever 2 | . . . . 2 Melee Attacks 28 | . . . . 28 Impact . | . . . . . Slashing 27 | . . . . 27 Piercing . | . . . . . Sneak Attacks 2 | . . . . 2 Combat Hostiles . | . . . . . Follow-up Attacks . | . . . . . Damage Inflicted 906 | 27 102 24 . 753 Guns 153 | 27 102 24 . . Cannons . | . . . . . Explosions . | . . . . . Melee 753 | . . . . 753 Ramming . | . . . . . Kinetic 103 | 15 64 24 . . Thermal 50 | 12 38 . . . Explosive . | . . . . . Electromagnetic . | . . . . . Impact . | . . . . . Slashing 753 | . . . . 753 Piercing . | . . . . . Highest Corruption 2 | . . . . 2 Average Corruption 2 | . . . . 2 Corruption Purged . | . . . . . Corruption Blocked . | . . . . . Effects 4 | . . . . 4 Message Errors 1 | . . . . 1 Parts Rejected 1 | . . . . 1 Data Loss (minor) 1 | . . . . 1 Alerts 1 | . . . . 1 Overload Shots . | . . . . . Overflow Damage 9 | . . . . 9 Projectiles . | . . . . . Explosions . | . . . . . Melee 9 | . . . . 9 Knockbacks . | . . . . . Impact . | . . . . . Kinetic . | . . . . . Secondary . | . . . . . Self-Inflicted Damage . | . . . . . Shots . | . . . . . Rammed . | . . . . . Targets Rammed . | . . . . . Kicked . | . . . . . Crushed . | . . . . . Highest Temperature 36 | 18 36 . . 12 Average Temperature 12 | 10 16 . . 4 Received Heat Transfer 483 | . . . . 483 Siege Activations . | . . . . . Robots Corrupted . | . . . . . Combat Hostiles . | . . . . . Parts Fried . | . . . . . Impact Corruptions . | . . . . . Robots Melted . | . . . . . Combat Hostiles . | . . . . . Parts Melted . | . . . . . Heat Transferred 148 | 37 111 . . . Parts Sabotaged . | . . . . . Parts Stolen . | . . . . . Parts Stripped . | . . . . . Power Chain Reactions . | . . . . . Alert | -11 -10 -9 -9 -8 ------- Run | Yrd Mat Mat Min Mat Peak Influence 227 | 5 60 30 56 227 Initial 25 | . 3 25 11 21 Average 43 | 1 24 26 28 90 Maximum Alert Level 1 | . . . . 1 Low Security (%) 97 | 100 100 100 100 91 Level 1 2 | . . . . 8 Level 2 . | . . . . . Level 3 . | . . . . . Level 4 . | . . . . . Level 5 . | . . . . . High Security . | . . . . . Max Security . | . . . . . Squads Dispatched 3 | . . 2 . 1 Investigation 2 | . . 1 . 1 Extermination . | . . . . . Reinforcement 1 | . . 1 . . Assault . | . . . . . Garrison . | . . . . . Intercept . | . . . . . Searches Triggered . | . . . . . Construction Impeded . | . . . . . Haulers Reinforced . | . . . . . Active Scanning Responses . | . . . . . Cargo Convoy Interrupts . | . . . . . Stealth | -11 -10 -9 -9 -8 --------- Run | Yrd Mat Mat Min Mat Distress Signals 1 | . 1 . . . Communications Jammed . | . . . . . Distress Signals . | . . . . . Times Spotted 44 | . 6 6 7 25 Peak Tracking Total 11 | . 7 6 4 11 Tactical Retreats 4 | . 1 . 1 2 Traps | -11 -10 -9 -9 -8 ------- Run | Yrd Mat Mat Min Mat Traps Triggered 1 | . . . . 1 Indirectly . | . . . . . Trap Hack Attempts . | . . . . . Triggered . | . . . . . Disarmed . | . . . . . Reprogrammed . | . . . . . Reused . | . . . . . Traps Extracted . | . . . . . Installed . | . . . . . Triggered . | . . . . . Machines | -11 -10 -9 -9 -8 ---------- Run | Yrd Mat Mat Min Mat Machines Disabled . | . . . . . Max in Single Turn . | . . . . . Machines Repaired . | . . . . . Machines Dismantled . | . . . . . Machines Sabotaged . | . . . . . Overloaded Fab Kills . | . . . . . Hacking | -11 -10 -9 -9 -8 --------- Run | Yrd Mat Mat Min Mat Machines Accessed 8 | . 2 3 . 3 Terminals 6 | . 2 2 . 2 Fabricators . | . . . . . Repair Stations . | . . . . . Recycling Units 1 | . . . . 1 Scanalyzers 1 | . . 1 . . Garrison Access . | . . . . . Total Hacks 19 | . 5 7 . 7 Successful 6 | . 1 3 . 2 Failed 13 | . 4 4 . 5 Catastrophic 2 | . . . . 2 Database Lockouts . | . . . . . Manual 2 | . . . . 2 Terminals 16 | . 5 5 . 6 Fabricators . | . . . . . Repair Stations . | . . . . . Recycling Units 1 | . . . . 1 Scanalyzers 2 | . . 2 . . Garrison Access . | . . . . . Terminal Hacks 4 | . 1 1 . 2 Record 3 | . 1 . . 2 Prototype ID Bank 1 | . . 1 . . Fabricator Hacks . | . . . . . Repair Station Hacks . | . . . . . Recycling Unit Hacks . | . . . . . Scanalyzer 2 | . . 2 . . Insert Component 1 | . . 1 . . Analyze 1 | . . 1 . . Garrison Access Hacks . | . . . . . Unauthorized Hacks . | . . . . . Terminals . | . . . . . Fabricators . | . . . . . Repair Stations . | . . . . . Recycling Units . | . . . . . Scanalyzers . | . . . . . Garrison Access . | . . . . . Data Cores Recovered . | . . . . . Used . | . . . . . Hacking Detections 8 | . 2 3 . 3 Full Trace Events 4 | . 1 1 . 2 Feedback Events . | . . . . . Feedback Blocked . | . . . . . Robot Schematics Acquired . | . . . . . Robots Built . | . . . . . Authchips . | . . . . . Time . | . . . . . Total Robot Build Rating . | . . . . . Part Schematics Acquired 1 | . . 1 . . Parts Built . | . . . . . Authchips . | . . . . . Time . | . . . . . Total Part Build Rating . | . . . . . Parts Repaired . | . . . . . Time . | . . . . . Parts Recycled . | . . . . . Recycled Matter . | . . . . . Retrieved Matter . | . . . . . Retrieved Components . | . . . . . Parts Scanalyzed 1 | . . 1 . . Part Schematics Acquired 1 | . . 1 . . Parts Damaged . | . . . . . Bothacking | -11 -10 -9 -9 -8 ------------ Run | Yrd Mat Mat Min Mat Used RIF Installer . | . . . . . Robots Hacked 1 | . . . . 1 Non-combat 1 | . . . . 1 Combat . | . . . . . Robot Hacks Applied 1 | . . . . 1 parse_system 1 | . . . . 1 Relay Couplers Released . | . . . . . Fabnet Peak Effective % . | . . . . . Robots Rewired . | . . . . . Allies Hacked . | . . . . . Hacks Repelled . | . . . . . Allies | -11 -10 -9 -9 -8 -------- Run | Yrd Mat Mat Min Mat Total Allies . | . . . . . Largest Group . | . . . . . Highest-Rated Group . | . . . . . Highest-Rated Ally . | . . . . . Total Orders . | . . . . . Ally Attacks . | . . . . . Total Damage . | . . . . . Kills . | . . . . . Allies Corrupted . | . . . . . Allies Melted . | . . . . . Intel | -11 -10 -9 -9 -8 ------- Run | Yrd Mat Mat Min Mat Robot Analysis Total . | . . . . . Derelict Logs Recovered 1 | . . . 1 . Drone Launches . | . . . . . Drone Recoveries . | . . . . . Exploration | -11 -10 -9 -9 -8 ------------- Run | Yrd Mat Mat Min Mat Turns Passed 525 | 91 108 100 45 181 Spaces Moved 628 | 52 71 142 156 207 Core 30 | 16 . . . 14 Treads . | . . . . . Legs 137 | 36 71 27 . 3 Wheels . | . . . . . Hover . | . . . . . Flight 461 | . . 115 156 190 Fastest Speed 26 | 50 120 29 29 26 Average Speed 56 | 129 120 48 29 44 Slowest Speed 200 | 200 120 195 29 200 Overloaded Moves . | . . . . . Propulsion Burnouts . | . . . . . Robots Hopped 8 | . . . 1 7 Cave-ins Triggered . | . . . . . Exploration Rate (%) 23 | 4 23 21 49 18 Regions Visited 4 Branch Regions 1 Pre-discovered Areas . | . . . . . Known Exits Taken 3 | . 1 1 1 . Unknown Exits Taken 1 | 1 . . . . Scrap Searched . | . . . . . Spaces Dug . | . . . . . Terrain Destroyed . | . . . . . Melee . | . . . . . Projectile . | . . . . . AOE . | . . . . . Terrain Rammed . | . . . . . Walls Destroyed . | . . . . . Machines Disabled . | . . . . . Actions | -11 -10 -9 -9 -8 --------- Run | Yrd Mat Mat Min Mat Total 730 | 69 85 174 154 248 Wait 7 | 4 1 1 . 1 Move 608 | 51 70 141 153 193 Hop 8 | . . . 1 7 Pick Up 28 | 5 4 13 . 6 Fast Attach 13 | 6 . 3 . 4 Attach 11 | 1 2 1 . 7 Detach 3 | . 1 1 . 1 Swap . | . . . . . Drop 14 | . 2 11 . 1 Fire 10 | 2 5 3 . . Melee 28 | . . . . 28 Ram . | . . . . . Kick . | . . . . . Crush . | . . . . . Escape Stasis . | . . . . . Rewire . | . . . . . Trap . | . . . . . Miscellaneous . | . . . . . Route ------- -11/Scrapyard -10/Materials -9/Materials -9/Mines (discovered 2 exits: *Mat x2) -8/Materials History --------- Turn | Location | Event 7 | -11/Scrapyard | Discovered new exit (range 16) 92 | -11/Scrapyard | Entered Materials 171 | -10/Materials | Discovered new exit (range 7) 199 | -10/Materials | Identified exit to Materials 200 | -10/Materials | Entered another Materials area 200 | -9/Materials | Evolved 2 slots: Propulsion x1, Utility x1 291 | -9/Materials | Discovered new exit (range 15) 299 | -9/Materials | Identified exit to Mines 300 | -9/Materials | Entered Mines 323 | -9/Mines | Assembled infested the area 342 | -9/Mines | Discovered new exit (range 4) 343 | -9/Mines | Identified exit to Materials 345 | -9/Mines | Entered Materials 345 | -8/Materials | Evolved 2 slots: Propulsion x1, Utility x1 454 | -8/Materials | Core integrity fell below 50% 489 | -8/Materials | Core integrity fell below 20% 498 | -8/Materials | Lost 11 parts (2p5n2u2w) 526 | -8/Materials | Destroyed by G-47 Trooper with Particle Gun Last Messages --------------- 00483_ G-47 Trooper destroyed. 00485_ G-47 Trooper Aluminum Leg severed. 00488_ G-47 Trooper destroyed. 00491_ System corrupted: IFF burst signal emitted. 00492_ Acquired Aluminum Leg. 00499_ B-36 Bruiser destroyed. 00501_ Acquired 30 matter. 00509_ G-47 Trooper destroyed. 00510_ EK KKOGU9L%:8WFA0PBR|BTDLS 00511_ Sml. Storage Unit destroyed. 00511_ Y-45 Defender destroyed. 00515_ U-05 Engineer lays Concrete. 00516_ G-47 Trooper destroyed. 00516_ U-05 Engineer lays Concrete. 00519_ G-47 Trooper Lgt. Nuclear Core severed. 00519_ U-05 Engineer lays Concrete. 00522_ Aluminum Leg destroyed. 00524_ U-05 Engineer lays Concrete. 00524_ Lgt. Ion Engine destroyed. 00525_ U-05 Engineer lays Concrete. Map ----- +----------------------------------------------------+ | ?????#####????????????????????? #?? #??# | | ?????# #????????????????????# ^ #?? #### | | ?????# #????????????????????# #??? # # | | ?????# #????????????????????# #??? # # | | ?????# ###################### #?###+## # | | ?????# # ### # | | ?????# + #"" + | | ?????# # #"T ]] # | | ??#####+###########+####### # ! #"" ]] ! # | | ??# #????# ## ############ ] # | | ??# #????# ## # | | ??# #????# ## # | | ??# ! [#????# [! ## ####### ########+## | | ??#""" #????# [! ## # # #? / # | | ??#"Y #????# [ ## # "" + # ]? | | ??#""" #????# ## " # T" # # """ ?? | | ??# #????# """ ##"%"# "" # + """""??? | | ??###########????# """ ## " # # # """""??? | | ?????????????????# """ ## # # # """""??? | | ?????????????????# ## # """ # #? """???? | | ?????????????????########## # """ # #? ???? | | ?????????????????# # # """ # #??#####??? | | ?????????????????# !=# # # #?????????? | | ?????????????????# * ***#!! # !!# #?????????? | | ?????????????????# [ *!=#g[!# ??!!# ########### | | ?????????????????# u [!@gg!%##??# # ## # | | ?????????????????#% !%!#u%[#????## ## # | | ?????????????????#= **=# !#????# # # | | ?????????????????# """!# #????# # # | | ?????????????????# # #????# + # | | ?????????????????########## #????# # # | | ?????????????????????????? #????###### # | | ??????????????????????????# #?????????# # | | ??????????????????????????# #?????????# # | | ??????????????????????????? #?????????########## | | ??????????????????????????? #??????????????????? | | ??????????????????????????? ??????????????????? | | ??????????????????????????? ??????????????????? | | ??????????????????????????? ??????????????????? | | ??????????????????????????? ??????????????????? | | ??????????????????????????? ???????????????????? | | ?????????????????????????????????????????????????? | | ?????????????????????????????????????????????????? | | ?????????????????????????????????????????????????? | | ?????????????????????????????????????????????????? | | ?????????????????????????????????????????????????? | | ?????????????????????????????????????????????????? | | ?????????????????????????????????????????????????? | | ?????????????????????????????????????????????????? | | ?????????????????????????????????????????????????? | +----------------------------------------------------+ Best States ------------- Heat Dissipation 31 Energy Generation 10 Energy Capacity 125 Matter Stores 300 Matter Capacity 300 Sight Range 16 Robot Scan Range 14 Terrain Scan Density 10 Evasion (%) 64 Targeting Accuracy 6 Item Schematics ----------------- VTOL Module | -9/Materials | Scanalyzed Robot Schematics ------------------ None Fabricated ------------ Nothing Alien Tech Used ----------------- None Achievements -------------- I Survived The Infestation Challenges ------------ None Game ------ Seed ElectronDeepArmor Manual? 0 Play Time 00:16:02 Cumulative 3.8 hours Start 2025.03.29 @ 01:19:53 End 2025.03.29 @ 01:36:16 Sessions 1 Manual Loads 0 Difficulty Rogue Special Mode None Game No. 5 Rogue 5 Adventurer 0 Explorer 0 Win Type - Total 0 Types 0/0/0/0/0/0/0/0/0 Lore% 3 Gallery% 7 Achievement% 11 Wizard Run 0 Options --------- Layout 0 ASCII 0 Keyboard 1 Movement Numpad Keybinds 0 Fullscreen 1 Font 24/Terminus Map View 76x50 Zoom Use 0% Tactical HUD 1 Map Filters NONE Filters NONE Steam 0 RUN: 0565ac8e-6fe2-4636-9a7e-faf5c27ed448